 Dungeon Crawl Stone Soup version 0.27.1 (webtiles) character file.

Game seed: 7827471415527584831

207 Naeght the Cudgeller (level 5, 0/46 HPs)
             Began as a Minotaur Fighter on Sept 3, 2021.
             Slain by an orc warrior (11 damage)
             ... on level 4 of the Dungeon.
             The game lasted 00:03:07 (2866 turns).

Naeght the Cudgeller (Minotaur Fighter)             Turns: 2866, Time: 00:03:07

Health: 0/46       AC:  8    Str: 22    XL:     5   Next: 54%
Magic:  4/4        EV: 14    Int:  5    God:
Gold:   124        SH:  0    Dex:  9    Spells: 4/4 levels left

rFire    . . .     SeeInvis .   a - +0 flail
rCold    . . .     Faith    .   (no shield)
rNeg     . . .     Spirit   .   b - +0 scale mail
rPois    .         Reflect  .   (helmet restricted)
rElec    .         Harm     .   (no cloak)
rCorr    .         Rampage  .   p - +0 pair of gloves
Will     .....                  (no boots)
Stlth    ..........             o - amulet of magic regeneration
HPRegen  0.15/turn              f - ring of wizardry
MPRegen  0.34/turn              q - +4 ring of evasion

@: no status effects
A: horns 2, retaliatory headbutt
a: no special abilities


You were on level 4 of the Dungeon.
You visited 1 branch of the dungeon, and saw 4 of its levels.

You collected 124 gold pieces.

Inventory:

Hand Weapons
 a - a +0 flail (weapon)
Armour
 b - a +0 scale mail (worn)
 c - a +0 kite shield
 p - a +0 pair of gloves (worn)
Jewellery
 e - a ring of fire
 f - a ring of wizardry (left hand)
 o - an amulet of magic regeneration (around neck)
 q - a +4 ring of evasion (right hand)
Scrolls
 i - 2 scrolls of identify {unknown}
 k - 3 scrolls of teleportation {unknown}
 m - a scroll of enchant weapon {unknown}
 n - a scroll of noise {unknown}
Potions
 d - 2 potions of might
 g - a potion of degeneration {unknown}
 h - a potion of curing {unknown}
 j - a potion of berserk rage {unknown}
 l - a potion of lignification {unknown}


   Skills:
 + Level 4.3 Fighting
 * Level 5.3 Maces & Flails
 + Level 5.0 Armour
 + Level 1.3 Dodging
 - Level 0.2 Stealth
 - Level 3.6 Shields


You had 4 spell levels left.
You didn't know any spells.
Your spell library contained the following spells:

 Spells                   Type           Power      Damage    Failure   Level
 Leda's Liquefaction      Hex/Erth       0%         N/A       99%         4
 Bolt of Magma            Conj/Fire/Erth 0%         4d4       100%        5
 Statue Form              Tmut/Erth      0%         N/A       100%        6


Dungeon Overview and Level Annotations

Branches:
Dungeon (4/15)
 Temple: D:4-7

Altars:

Shops:
D:3 [


Innate Abilities, Weirdness & Mutations

You have a pair of horns on your head.
You reflexively headbutt those who attack you in melee.


Message History

Deactivating autopickup; reactivate with Ctrl-A.
The orc wizard hits you but does no damage.
You hit the orc wizard.
The orc wizard is lightly wounded.
The orc wizard completely misses you.
You hit the orc wizard. Your headbutt misses the orc wizard.
The orc wizard is moderately wounded.
You closely miss the orc wizard.
The orc wizard is moderately wounded.
The adder bites you but does no damage. The orc wizard barely misses you.
The adder barely misses you. You furiously retaliate!
You headbutt the adder! You miss the adder. You headbutt the adder.
You kill the adder!
The orc warrior barely misses you.
The orc wizard hits you with a +0 dagger.
The orc hits you but does no damage.
You closely miss the orc wizard.
You headbutt the orc wizard, but do no damage.
The orc wizard is moderately wounded.
The orc warrior hits you with a +0 long sword!
Something barely misses you.
The orc wizard hits you but does no damage.
The orc hits you but does no damage.
You closely miss the orc wizard. Your headbutt misses the orc wizard.
The orc wizard is moderately wounded.
The orc warrior hits you with a +0 long sword.
Something hits you. The orc wizard barely misses you. You furiously retaliate!
You headbutt the orc wizard. The orc barely misses you.
The orc warrior barely misses you.
You hear some strange, mumbled words.
A magic dart appears from out of thin air!
The magic dart hits you!
The orc wizard hits you with a +0 dagger.
* * * LOW HITPOINT WARNING * * *
You closely miss the orc wizard.
The orc wizard is heavily wounded.
The orc closely misses you. You furiously retaliate!
You headbutt the orc, but do no damage. Something hits you but does no damage.
The orc warrior hits you with a +0 long sword!
You die...

... .. #
.#.#
#####.#.
###......
####.....#.#
......oo.#.#
#o@.<.#
#..{..#.#
#.#.#.#.#
.......#.#
###.#.#.#S#
...#..)#.#
### #####.#
.#


You could see an orc warrior, an orc wizard and an orc.

Vanquished Creatures
  An orc priest (D:3)
  An orc wizard (D:3)
  7 adders
  A dart slug (D:3)
  7 orcs (D:3)
  9 ball pythons
  2 bats (D:1)
  5 endoplasms
  6 goblins
  5 hobgoblins
  4 jackals (D:3)
  2 quokkas
  A ball python skeleton (D:3)
  2 frilled lizards
  7 kobolds
  23 rats
83 creatures vanquished.

Notes
Turn   | Place    | Note
-------+----------+-------------------------------------------
     0 | D:1      | Naeght the Minotaur Fighter began the quest for the Orb.
     0 | D:1      | Reached XP level 1. HP: 19/19 MP: 0/0
   223 | D:1      | Reached XP level 2. HP: 27/27 MP: 1/1
   303 | D:1      | Found a faded altar of an unknown god.
  1256 | D:2      | Reached XP level 3. HP: 33/33 MP: 2/2
  1715 | D:3      | Reached XP level 4. HP: 32/40 MP: 3/3
  1723 | D:3      | Reached skill level 5 in Armour
  1725 | D:3      | Found Sug Rash's Armour Shop.
  1914 | D:3      | Reached XP level 5. HP: 45/46 MP: 4/4
  2014 | D:3      | Reached skill level 1 in Dodging
  2708 | D:3      | Reached skill level 5 in Maces & Flails
  2857 | D:4      | Noticed an orc warrior
  2866 | D:4      | Slain by an orc warrior

Illustrated notes

Levels and vault maps discovered:
D:1:      dpeg_arrival_triangle_fractal, layout_rooms,
          dreamdust_ecumenical_altar_statues, kennysheep_flooded_box,
          hex_medium, minmay_misc_feat_alley, due_unseen_surprise
D:2:      layout_basic
D:3:      minmay_diamond_boxcup, layout_basic, serial_shops, shop,
          minmay_rat_hole
D:4:      layout_basic

Skill      XL: |  1  2  3  4  5 |
---------------+----------------+-----
Armour         | 4 5 |  5.0
Fighting       | 4 |  4.3
Maces & Flails | 3 4 5 |  5.3
Dodging        | 1 |  1.3
Stealth        | |  0.2
Shields        | |  3.6

Action                   |  1- 3 |  4- 6 || total
-------------------------+-------+-------++-------
Melee: Flail             |    91 |    85 ||   176
       Headbutt          |    13 |    16 ||    29
Armor: Scale mail        |    51 |    48 ||    99
Dodge: Dodged            |    32 |    81 ||   113
